 Dungeon Crawl Stone Soup version 0.29.1-12-g30fa7ad0bf (webtiles) character file.

Game seed: 2425610795492574869

65 suipiss the Caller (level 3, -2/24 HPs)
             Began as a Demonspawn Summoner on Jan 14, 2023.
             Killed from afar by an orc wizard (12 damage)
             ... with a puff of flame
             ... on level 2 of the Dungeon.
             The game lasted 00:03:28 (2249 turns).

suipiss the Caller (Demonspawn Summoner)            Turns: 2249, Time: 00:03:28

Health: -2/24      AC:  4    Str:  8    XL:     3   Next: 92%
Magic:  5/7        EV: 12    Int: 18    God:
Gold:   49         SH:  0    Dex: 13    Spells: 2/8 levels left

rFire   . . .      SeeInvis .   i - +0 short sword
rCold   . . .      Faith    .   (no shield)
rNeg    . . .      Spirit   .   a - +0 robe
rPois   .          Reflect  .   (no helmet)
rElec   .          Harm     .   (no cloak)
rCorr   .          Rampage  .   (no gloves)
Will    .....                   j - +0 pair of boots
Stlth   ++........              (no amulet)
HPRegen 0.08/turn               (no ring)
MPRegen 0.10/turn               (no ring)

@: no status effects
A: demonic guardian 1, sharp scales 1
a: no special abilities


You were on level 2 of the Dungeon.
You visited 1 branch of the dungeon, and saw 2 of its levels.

You collected 49 gold pieces.

Inventory:

Hand Weapons
 i - a +0 short sword (weapon)
Armour
 a - a +0 robe (worn)
 j - a +0 pair of boots (worn)
Jewellery
 g - a ring of ice
Scrolls
 e - a scroll of fear
 f - a scroll of teleportation
 h - a scroll of amnesia {unknown}
Potions
 b - a potion of magic
 d - a potion of cancellation


   Skills:
 - Level 1.7 Dodging
 - Level 1.7 Stealth
 * Level 3.1 Spellcasting
 * Level 4.8 Summonings


You had 2 spell levels left.
You knew the following spells:

 Your Spells              Type           Power      Damage    Failure   Level
a - Summon Small Mammal   Summ           80%        N/A       2%          1
b - Call Imp              Summ           20%        N/A       3%          2
c - Summon Guardian Gole  Hex/Summ       11%        N/A       19%         3

Your spell library contained the following spells:

 Spells                   Type           Power      Damage    Failure   Level
 Call Canine Familiar     Summ           20%        N/A       7%          3
 Summon Lightning Spire   Summ/Air       11%        N/A       52%         4
 Olgreb's Toxic Radiance  Pois           2%         N/A       85%         4
 Ozocubu's Refrigeration  Ice            1%         4d7       100%        7
 Ignition                 Fire           1%         3d3       100%        8


Dungeon Overview and Level Annotations

Branches:
Dungeon (2/15)

Altars:


Innate Abilities, Weirdness & Mutations

A weak demonic guardian rushes to your aid.
You are partially covered in razor-sharp scales. (AC +1, Slay +1)


Message History

You hit the orc.
The orc is heavily wounded.
The orc hits you but does no damage.
Your white imp closely misses something.
You hear some strange, mumbled words.
Something tries to affect you, but you resist.
You closely miss the orc.
The orc is heavily wounded.
The orc hits you but does no damage.
Your white imp misses something.
Something hits you but does no damage.
You closely miss the orc.
The orc is heavily wounded.
Something barely misses you. The orc barely misses you.
Your white imp barely misses something.
You miss something. The orc hits you but does no damage.
Your white imp completely misses something.
Something hits you.
You closely miss something. The orc barely misses you.
Your white imp gestures at the orc.
The puff of frost hits the orc.
The orc dies!
Something hits you.
A demonic guardian appears!
You hit something.
Your white imp barely misses something.
Something hits you.
You closely miss something.
Your white imp hits something.
Your white imp freezes something.
Something hits your white imp.
You closely miss something.
Your white imp barely misses something.
Something hits you.
You completely miss something.
Your white imp hits something but does no damage.
Something hits you.
Your white imp closely misses something.
Something hits you but does no damage.
You hit something but do no damage. Something hits you.
Your white imp completely misses something.
You completely miss something.
You hear some strange, mumbled words.
A puff of flame appears from out of thin air!
The puff of flame hits you!
Ouch! That really hurt!
You die...

.... #.#.##.#..# #.
#..## #.#.##.##.#
####.###..## #.#.##.##.#
...........###.#.##.##.#
...............#.##....#
...............#.#####.#
.....5.........#........
......{5..÷........÷....
......)@÷.†......#######
.............#.#........
...............#..######
..............##.... #
...........#......... #
...........##.#.####.#
...........##>#.# .#
.....!.....# ##.# # #.


You could see a friendly white imp (summoned) and a friendly ufetubus
(summoned).

Vanquished Creatures
  2 dart slugs (D:1)
  An orc (D:2)
  A ball python (D:2)
  4 bats
  2 endoplasms (D:2)
  2 giant cockroaches (D:1)
  3 goblins (D:1)
  2 hobgoblins
  3 kobolds
  A quokka (D:1)
  2 frilled lizards
23 creatures vanquished.

Vanquished Creatures (collateral kills)
  An adder (D:2)
  A dart slug (D:1)
  2 orcs (D:2)
  2 ball pythons (D:1)
  2 endoplasms
  A giant cockroach (D:1)
  A hobgoblin (D:2)
  2 jackals (D:1)
  3 bats
  A kobold (D:2)
  A rat (D:2)
17 creatures vanquished.

Grand Total: 40 creatures vanquished

Notes
Turn   | Place    | Note
-------+----------+-------------------------------------------
     0 | D:1      | suipiss the Demonspawn Summoner began the quest for the
                  | Orb.
     0 | D:1      | Reached XP level 1. HP: 13/13 MP: 3/3
   258 | D:1      | Gained mutation: You are partially covered in razor-sharp
                  | scales. (AC +1, Slay +1) [demonic ancestry]
   258 | D:1      | Reached XP level 2. HP: 4/19 MP: 1/5
   261 | D:1      | Learned a level 2 spell: Call Imp
  1483 | D:1      | Gained mutation: A weak demonic guardian rushes to your
                  | aid. [demonic ancestry]
  1483 | D:1      | Reached XP level 3. HP: 23/24 MP: 7/7
  1487 | D:1      | Learned a level 3 spell: Summon Guardian Golem
  1801 | D:1      | Found a faded altar of an unknown god.
  2249 | D:2      | Killed from afar by an orc wizard

Illustrated notes

Levels and vault maps discovered:
D:1:      dpeg_arrival_radiant, layout_rooms,
          shapermc_ecumenical_altar_mp_vishouse
D:2:      layout_basic, st_stairs_4

Skill      XL: |  1  2  3 |
---------------+----------+-----
Spellcasting   | 3 |  3.1
Dodging        | |  1.7
Stealth        | |  1.7
Summonings     | |  4.8

Action                   || total
-------------------------++-------
Melee: Unarmed           ||    52
       Dagger            ||    14
       Short sword       ||    59
 Cast: Summon Small Mamm ||    10
       Call Imp          ||    14
  Use: Scroll            ||     3
 Stab: Distracted        ||     1
       Sleeping          ||     1
Armor: Robe              ||    41
Dodge: Dodged            ||   113
